 Dungeon Crawl Stone Soup version 0.25.0-26-g0c896c7088 (webtiles) character file.

Game seed: 15267525790802284260

87 xccam the Sneak (level 4, -1/43 HPs)
             Began as an Octopode Assassin on July 2, 2020.
             Slain by a gnoll (5 damage)
             ... on level 2 of the Dungeon.
             The game lasted 00:00:57 (1069 turns).

xccam the Sneak (Octopode Assassin)                 Turns: 1069, Time: 00:00:57

Health: -1/43      AC: 22    Str: 12    XL:     4   Next: 51%
Magic:  3/3        EV:  2    Int: 13    God:
Gold:   23         SH:  0    Dex: 14    Spells: 3/3 levels left

rFire    . . .     SeeInvis .   a - +2 dagger
rCold    . . .     Gourm    .   (no shield)
rNeg     + + +     Faith    .   (helmet currently unavailable)
rPois    +         Spirit   .   (no amulet)
rElec    .         Reflect  .   (no ring)
rCorr    .         Harm     .   (no ring)
MR       .....     NoTele   +   (no ring)
Stlth    +++.......             (no ring)
HPRegen  0.14/turn              (no ring)
MPRegen  0.08/turn              (no ring)
                                (no ring)
                                (no ring)

@: lethally poisoned (-1 -> -1), tree-form (expiring), stab
A: almost no armour, stealthy swim, (amphibious), 8 rings, (constrict 8), low mp
1, strong 1
a: no special abilities


You were on level 2 of the Dungeon.
You were hungry.
You were a tree.
You visited 1 branch of the dungeon, and saw 2 of its levels.

You collected 23 gold pieces.

Inventory:

Hand Weapons
 a - a +2 dagger (weapon)
Missiles
 b - 8 poisoned darts (quivered)
 c - 2 curare-tipped darts
Scrolls
 f - a scroll of identify {unknown}
 i - a scroll of immolation {unknown}
 j - a scroll of fog {unknown}
Comestibles
 d - a ration
 m - 2 chunks of flesh


   Skills:
 - Level 2.0 Fighting
 + Level 4.6 Short Blades
 - Level 2.0 Throwing
 - Level 1.0 Dodging
 - Level 5.3 Stealth


You had 3 spell levels left.
You didn't know any spells.
Your spell library was empty.

Dungeon Overview and Level Annotations

Branches:
Dungeon (2/15)

Altars:
Xom


Innate Abilities, Weirdness & Mutations

You cannot wear most types of armour.
You are very stealthy in the water. (Stealth+)
((You are amphibious.))
You can wear up to eight rings at the same time.
((You can use your tentacles to constrict eight enemies at once.))
((Your skin changes colour to match your surroundings (Stealth+).))
((Your rubbery body absorbs attacks. (AC +1, EV +1)))
Your magical capacity is low. (-10% MP)
Your muscles are strong. (Str +2)


Message History

The gnoll hits you but does no damage.
You hit the gnoll.
The gnoll is severely wounded.
You closely miss the gnoll.
The gnoll is severely wounded.
You feel sick. The gnoll hits you but does no damage.
You hit the gnoll.
The gnoll is almost dead.
The gnoll hits you but does no damage.
You hit the gnoll.
The gnoll is almost dead.
The gnoll hits you but does no damage.
You are feeling hungry.
You closely miss the gnoll.
The gnoll is almost dead.
You hit the gnoll.
You kill the gnoll!
Your transformation is almost over.
You barely miss the gnoll.
You feel sick. The gnoll hits you.
You die...

...#>..# #....#
#.##...## ##.#..#
#.##....## ##..#..#####.
#...÷#.#.###............
#...[........###..#####
.# #.####.#####.# #..#
#.# #÷# #.# #.###..# ...
#.# #.#####......# ...
#.#
#...♣gr†.....#####...
#.#
############.##.(....
#<# #..gg..).. #.#
####S..... #.# ###....
#.# #.... #.# ########
#.... #.###.#..... #.###
#.......# #.#


You could see a gnoll and a rat.

Vanquished Creatures
  3 gnolls (D:2)
  3 adders (D:2)
  A worm (D:2)
  A leopard gecko (D:1)
  2 bats (D:1)
  2 giant cockroaches
  3 goblins (D:1)
  5 jackals
  4 kobolds
  2 frilled lizards (D:1)
  3 rats (D:1)
29 creatures vanquished.

Notes
Turn   | Place    | Note
-------+----------+-------------------------------------------
     0 | D:1      | xccam the Octopode Assassin began the quest for the Orb.
     0 | D:1      | Reached XP level 1. HP: 14/14 MP: 1/1
   144 | D:1      | Reached XP level 2. HP: 19/19 MP: 2/2
   916 | D:2      | Found a shimmering altar of Xom.
   920 | D:2      | Reached XP level 3. HP: 24/24 MP: 3/3
  1025 | D:2      | Reached XP level 4. HP: 8/29 MP: 4/4
  1032 | D:2      | Gained mutation: Your magical capacity is low. (-10% MP)
                  | [potion of mutation]
  1032 | D:2      | Gained mutation: Your muscles are strong. (Str +2) [potion
                  | of mutation]
  1069 | D:2      | Slain by a gnoll

Illustrated notes

Levels and vault maps discovered:
D:1:      dpeg_arrival_orchard, layout_loops_cross, serial_forest,
          infiniplex_forest_side_room, infiniplex_forest_end_1,
          infiniplex_forest_straight_2, infiniplex_forest_straight_2,
          infiniplex_forest_clump_large, infiniplex_forest_lined_room_3,
          infiniplex_forest_lined_2, infiniplex_forest_straight_3,
          infiniplex_forest_lined_room_, infiniplex_forest_pool,
          serial_park_tiny_2, minmay_misc_feat_rows
D:2:      layout_loops_ring, lemuel_crystal_altar

Skill      XL: |  1  2  3 |
---------------+----------+-----
Short Blades   | 3 4 |  4.6
Fighting       | |  2.0
Throwing       | |  2.0
Dodging        | |  1.0
Stealth        | |  5.3

Action                   |  1- 3 |  4- 6 || total
-------------------------+-------+-------++-------
Melee: Dagger            |    46 |    37 ||    83
       Constrict         |    13 |       ||    13
       Tentacles         |     6 |       ||     6
  Use: Potion            |       |     5 ||     5
 Stab: Sleeping          |    10 |       ||    10
Armor: Skin              |     4 |    25 ||    29
Dodge: Dodged            |    26 |     3 ||    29
